 Dungeon Crawl Stone Soup version 0.16.1-28-gcc2312f (webtiles) character file.

335 Kidiri the Firebug (level 6, -2/35 HPs)
             Began as a Gargoyle Fire Elementalist on May 28, 2015.
             Was a Follower of Vehumet.
             Slain by a trapdoor spider (3 damage)
             ... on level 4 of the Dungeon.
             The game lasted 00:29:05 (4444 turns).

Kidiri the Firebug (Gargoyle Fire Elementalist)     Turns: 4444, Time: 00:29:05

Health: -2/35      AC:  8    Str: 14    XL:     6   Next: 53%
Magic:  4/13       EV: 20    Int: 17    God:    Vehumet [*.....]
Gold:   140        SH:  0    Dex: 15    Spells: 4 memorised, 2 levels left

rFire  . . .     SeeInvis .     i - +3 short sword
rCold  . . .     Clarity  .     a - +0 robe
rNeg   + . .     SustAb   .     (no shield)
rPois  ∞         Gourm    .     (no helmet)
rElec  +         Spirit   .     g - +0 cloak (curse)
rCorr  .         Warding  .     (no gloves)
rMut   .         Stasis   .     (no boots)
MR     .....                    (no amulet)
Stlth  +++.......               (no ring)
                                (no ring)

@: agile, not resistant to hostile enchantments, fairly stealthy
A: repulsion field 1, negative energy resistance 1, shaggy fur 1, electricity
resistance, strong 1, unbreathing, petrification resistance, rot immunity, AC +4
a: Renounce Religion


You were on level 4 of the Dungeon.
You worshipped Vehumet.
Vehumet was aware of your devotion.
You were very hungry.

You visited 1 branch of the dungeon, and saw 4 of its levels.

You collected 140 gold pieces.

Inventory:

Hand weapons
 i - a +3 short sword (weapon)
Missiles
 m - 5 javelins of penetration (quivered)
Armour
 a - a +0 robe (worn)
 e - a +0 leather armour
 g - a cursed +0 cloak (worn)
Magical devices
 j - a wand of disintegration (14)
Scrolls
 d - a scroll of remove curse
 s - a scroll of fog
Potions
 h - a potion of curing {unknown}
 k - 2 potions of flight
 n - a potion of magic
 p - a potion of heal wounds {unknown}
Books
 b - a book of Flames

   Spells                             Type                      Level
   a - Flame Tongue                   Conjuration/Fire             1
   b - Throw Flame                    Conjuration/Fire             2
   c - Conjure Flame                  Conjuration/Fire             3
   d - Inner Flame                    Hexes/Fire                   3
   e - Sticky Flame                   Conjuration/Fire             4
   f - Fireball                       Conjuration/Fire             5
Comestibles
 c - 6 bread rations
 o - 2 fruits
 q - a slice of pizza
 r - a beef jerky


   Skills:
 + Level 1.9 Fighting
 + Level 2.3 Dodging
 + Level 3.0 Stealth
 * Level 3.2 Spellcasting
 * Level 3.4 Conjurations
 + Level 0.6 Hexes
 * Level 4.2 Fire Magic


You had 2 spell levels left.
You knew the following spells:

 Your Spells              Type           Power        Failure   Level  Hunger
a - Flame Tongue          Conj/Fire      ###..        3%          1    None
b - Throw Flame           Conj/Fire      ###...       6%          2    ##.....
c - Conjure Flame         Conj/Fire      ###.....     12%         3    ###....
d - Inner Flame           Hex/Fire       ##......     21%         3    ###....


Dungeon Overview and Level Annotations

Branches:
Dungeon (4/15)
 Temple: D:4-7

Altars:
Dithmenos
Kikubaaqudgha
Makhleb
Vehumet

Annotations:
D:4 2 runed doors


Innate Abilities, Weirdness & Mutations

You are resistant to torment.
You are immune to poison.
Your stone body is very resilient (AC +4).
You resist negative energy.
You are resistant to electric shocks.
You can survive without breathing.
You are immune to petrification.
You are immune to rotting.
You are surrounded by a mild repulsion field (EV +2).
You are covered in fur (AC +1).
Your muscles are strong. (Str +2)


Message History

Press: ? - help, Shift-Dir - straight line, f/p - wraith
Aim: a wraith (heavily damaged)
The flame tongue hits the wraith.
The wraith is heavily damaged.
Casting: Flame Tongue
Confirm with . or Enter, or press ? or * to list all spells.
Aiming: Flame Tongue
Press: ? - help, Shift-Dir - straight line, f/p - wraith
Aim: a wraith (heavily damaged)
The flame tongue hits the wraith.
The wraith is heavily damaged.
A trapdoor spider leaps out from its hiding place under the floor!
The trapdoor spider hisses angrily.
There is a large open door here.
The trapdoor spider bites you.
* * * LOW HITPOINT WARNING * * *
The trapdoor spider bites you.
* * * LOW HITPOINT WARNING * * *
The trapdoor spider bites you.
You die...

#### ###... #...######
## #.@##8:?8## .###
#.s#8....8# ...#
#..'......+ #.##
#..'......+ ...##
####..#8....8# .#..#
######.....##8)}8##
###.###...........######
##.#...###..###+#
#...#..##.##


You could see a trapdoor spider.

Vanquished Creatures
  An ogre (D:3)
  A hound (D:3)
  2 orc priests (D:3)
  A worker ant (D:4)
  3 adders
  A river rat (D:3)
  A giant mite (D:3)
  A giant gecko (D:2)
  15 orcs
  14 bats
  5 giant cockroaches
  7 goblins
  7 hobgoblins
  11 kobolds
  A ball python (D:2)
  2 giant newts
  11 rats
84 creatures vanquished.

Notes
Turn   | Place    | Note
--------------------------------------------------------------
     0 | D:1      | Kidiri, the Gargoyle Fire Elementalist, began the quest for the Orb.
     0 | D:1      | Reached XP level 1. HP: 10/10 MP: 3/3
   344 | D:1      | Reached XP level 2. HP: 15/15 MP: 1/4
   348 | D:1      | Learned a level 2 spell: Throw Flame
  1091 | D:2      | Reached XP level 3. HP: 18/20 MP: 4/6
  1096 | D:2      | Learned a level 3 spell: Conjure Flame
  1175 | D:2      | Reached skill level 1 in Fighting
  1512 | D:2      | Found a burning altar of Makhleb.
  1513 | D:2      | Found a radiant altar of Vehumet.
  1521 | D:2      | Became a worshipper of Vehumet
  2401 | D:3      | Reached XP level 4. HP: 25/25 MP: 5/7
  2450 | D:3      | Noticed an ogre
  2476 | D:3      | HP: 1/25 [ogre/giant club (18)]
  2628 | D:3      | Killed an ogre
  2628 | D:3      | Reached XP level 5. HP: 15/29 MP: 0/9
  3097 | D:3      | Acquired Vehumet's first power
  3097 | D:3      | Offered knowledge of Magic Dart by Vehumet.
  3102 | D:3      | Learned a level 3 spell: Inner Flame
  3198 | D:3      | Reached skill level 4 in Fire Magic
  3198 | D:3      | Reached XP level 6. HP: 2/35 MP: 4/12
  3534 | D:3      | Found an ancient bone altar of Kikubaaqudgha.
  3643 | D:3      | Found a shadowy altar of Dithmenos.
  4306 | D:4      | Found a large runed door.
  4308 | D:4      | Found a large runed door.
  4316 | D:4      | Found a large runed door.
  4316 | D:4      | Found a large runed door.
  4316 | D:4      | Noticed a wraith
  4422 | D:4      | Gained mutation: You are covered in fur (AC +1). [potion of mutation]
  4422 | D:4      | Gained mutation: Your muscles are strong. (Str +2) [potion of mutation]
  4422 | D:4      | Gained mutation: You are surrounded by a mild repulsion field (EV +2). [potion of mutation]
  4440 | D:4      | Noticed a trapdoor spider
  4443 | D:4      | HP: 1/35 [trapdoor spider (3)]
  4444 | D:4      | Slain by a trapdoor spider

Action                   |  1- 3 |  4- 6 || total
-------------------------+-------+-------++-------
Melee: Unarmed           |    30 |       ||    30
       Short sword       |    17 |    65 ||    82
Throw: Javelin           |     9 |     9 ||    18
 Cast: Flame Tongue      |    40 |    64 ||   104
       Throw Flame       |    10 |    18 ||    28
       Conjure Flame     |       |    10 ||    10
       Inner Flame       |       |     2 ||     2
  Use: Scroll            |     8 |       ||     8
       Potion            |       |     3 ||     3
  Eat: Chunk             |     5 |     3 ||     8
       Beef jerky        |       |     1 ||     1
       Bread ration      |       |     1 ||     1
